 Dungeon Crawl Stone Soup version 0.31.0-11-ge490571c62 (webtiles) character file.

Game seed: 1696226079511692753

69852 CougarLife the Executioner (level 14, -9/129 HPs)
             Began as a Minotaur Berserker on Jan 29, 2024.
             Was the Champion of Trog.
             Mangled by an orc knight
             ... wielding a +2 war axe
              (22 damage)
             ... on level 2 of the Orcish Mines.
             The game lasted 00:34:42 (14814 turns).

CougarLife the Executioner (Minotaur Berserker)    Turns: 14814, Time: 00:34:43

Health: -9/129     AC: 32    Str: 24    XL:     14   Next: 91%
Magic:  13/13      EV: 10    Int:  6    God:    Trog [******]
Gold:   1800       SH:  0    Dex: 11    Spells: 13/13 levels left

rFire   . . .        V - +7 executioner's axe (heavy)
rCold   . . .        (shield currently unavailable)
rNeg    . . .        m - +4 plate armour {rPois}
rPois   +            (helmet restricted)
rElec   .            B - +1 cloak
rCorr   .            H - +2 pair of gloves
SInv    .            r - +0 pair of boots
Will    ++...        v - amulet of regeneration Stlth
                     f - +4 ring of protection
HPRegen 1.21/turn    O - ring of willpower
MPRegen 0.13/turn

%: no passive effects
@: about to teleport, on berserk cooldown, slowed, very slow
A: horns 2, retaliatory headbutt
a: Renounce Religion, Berserk, Trog's Hand, Brothers in Arms


You were on level 2 of the Orcish Mines.
You worshipped Trog.
Trog was exalted by your worship.
You visited 4 branches of the dungeon, and saw 19 of its levels.

You collected 1800 gold pieces.

Inventory:

Hand Weapons
 E - a +2 hand axe of flaming
 K - a +8 battleaxe
 V - a +7 heavy executioner's axe (weapon)
Missiles
 i - 3 javelins
 F - a throwing net
 M - 13 boomerangs (quivered)
 P - a curare-tipped dart
Armour
 m - a +4 plate armour of poison resistance (worn)
 r - a +0 pair of boots (worn)
 B - a +1 cloak (worn)
 H - a +2 pair of gloves (worn)
Jewellery
 f - a +4 ring of protection (left hand)
 j - a ring of protection from fire
 q - a ring of positive energy
 v - an amulet of regeneration (around neck)
 O - a ring of willpower (right hand)
 R - a ring of fire
 T - a ring of flight
 X - a +6 ring of strength
Wands
 a - a wand of digging (14)
 p - a wand of acid (13)
 u - a wand of flame (58)
 z - a wand of charming (16)
 G - a wand of iceblast (18)
 L - a wand of mindburst (7)
Scrolls
 c - 3 scrolls of immolation
 g - 5 scrolls of teleportation
 k - 4 scrolls of revelation
 l - a scroll of poison
 t - a scroll of silence
 A - a scroll of vulnerability
 C - 3 scrolls of fear
 J - a scroll of acquirement {unknown}
 N - a scroll of blinking {unknown}
 Q - a scroll of amnesia {unknown}
 Y - a scroll of torment {unknown}
 Z - a scroll of summoning {unknown}
Potions
 b - 2 potions of degeneration {unknown}
 d - a potion of might {unknown}
 h - 5 potions of heal wounds
 n - 4 potions of attraction
 o - 2 potions of resistance {unknown}
 s - 2 potions of lignification {unknown}
 w - a potion of haste {unknown}
 x - a potion of berserk rage {unknown}
 D - 3 potions of curing {unknown}
 I - 3 potions of mutation {unknown}
 U - a potion of cancellation {unknown}
 W - a potion of enlightenment {unknown}


   Skills:
 - Level 13.1 Fighting
 + Level 21.1 Axes
 - Level 10.2 Throwing
 - Level 14.1 Armour
 - Level 8.2 Dodging


You had 13 spell levels left.
You didn't know any spells.
Your spell library was empty.

Dungeon Overview and Level Annotations

Branches:
Dungeon (11/15)            Temple (1/1) D:5            Lair (5/5) D:8
  Swamp (0/4) Lair:2        Snake (0/4) Lair:2        Slime (0/5) Lair:5
    Orc (2/2) D:11            Elf (0/3) Orc:2

Altars:
Ashenzari
Cheibriados
Dithmenos
Elyvilon
Fedhas
Gozag
Hepliaklqana
Kikubaaqudgha
Makhleb
Nemelex Xobeh
Okawaru
Qazlal
Ru
Sif Muna
Trog
Uskayaw
Vehumet
Wu Jian
Xom
Yredelemnul
Zin
The Shining One
Jiyva
Lugonu

Shops:
D:3 (   D:7 ((   Orc:2 !

Portals:
Abyss: Lair:5

Annotations:
Lair:4 3 runed translucent doors, Lutiheq's ghost, journeyman DrSh


Innate Abilities, Weirdness & Mutations

You have a pair of horns on your head.
You reflexively headbutt those who attack you in melee.


Message History

You chop the orc sorcerer into pieces!!!
You kill the orc sorcerer!
Trog accepts your kill.
Trog appreciates your killing of a magic user.
You hit the orc knight.
The orc sorcerer no longer looks unusually strong.
The orc knight hits you with a +2 war axe!
You open the orc knight like a pillowcase!!!
The orc knight is almost dead.
You closely miss the kobold blastminer.
An orc priest comes into view. It is wielding a +0 trident.
The orc wizard gestures wildly while chanting.
The orc wizard flickers and vanishes!
The kobold blastminer blasts its cannon at you.
The iron shot hits you!!
* * * LOW HITPOINT WARNING * * *
The orc priest calls upon Beogh to heal the orc knight.
The orc wizard gestures wildly while chanting.
The orc wizard flickers and vanishes!
The orc knight hits you with a +2 war axe!
* * * LOW HITPOINT WARNING * * *
The orc knight hits you with a +2 war axe.
* * * LOW HITPOINT WARNING * * *
The kobold blastminer barely misses you.
You furiously retaliate!
You headbutt the kobold blastminer.
The orc knight roars a battlecry!
The orcs go into a battle-frenzy!
As you read the scroll of fear, it crumbles to dust.
You assume a fearsome visage.
The orc priest looks frightened!
The orc sorcerer resists with some effort.
The orc priest looks frightened!
The kobold blastminer looks frightened!
The orc knight resists with almost no effort.
The kobold blastminer pleads, "Please don't kill me!"
The orc priest hums to itself desperately, trying to keep calm.
The orc knight hits you but does no damage.
As you read the scroll of teleportation, it crumbles to dust.
You feel strangely unstable.
You are no longer corroded.
The orc knight hits you with a +2 war axe!!
You die...

##...# ##.##
######.######
#...........###
...####.####...##
#.# ###..## #.#
##..# #.# ##.#
#.# #@# ...
#..oo# ... ##K{##
#.. o.. ##o. ..#
.∩#


You could see an orc knight (strong), a kobold blastminer (fleeing), an orc
sorcerer (strong) and 2 orc priests.

Vanquished Creatures
  An orc warlord (Orc:1)
  Snorg (D:10)
  An entropy weaver (shapeshifter) (Lair:5)
  4 hydras
  Erolcha (D:10)
  Erica (D:10)
  A catoblepas (Lair:4)
  3 boulder beetles
  3 two-headed ogres
  4 death yaks
  2 orc high priests (Orc:2)
  3 thrashing horrors (Lair:5)
  Amaemon (D:9)
  2 skysharks
  A skeletal warrior (D:11)
  3 large abominations (Lair:5)
  The ghost of mandarbmax the Summoner, a novice NaSu of Sif Muna (D:5)
  A lindwurm (Lair:3)
  5 orc sorcerers
  4 orc knights
  Pikel (D:9)
  2 manticores
  7 elephants
  A kobold blastminer (Orc:2)
  A cyclops (Orc:1)
  A smoke demon (Lair:5)
  Joseph (D:7)
  3 meliai (D:11)
  5 black mambas
  6 torpor snails
  5 cane toads
  2 gargoyles
  An orange demon (D:9)
  9 rime drakes
  An unseen horror (D:11)
  6 komodo dragons
  Jeremiah (D:7)
  3 trolls
  A hornet (D:9)
  2 polar bears (Lair:3)
  4 raiju (Lair:5)
  6 dream sheep (Lair:4)
  21 blink frogs
  A spriggan (Lair:5)
  2 ynoxinuls (Lair:5)
  17 basilisks
  A wraith (D:10)
  8 wyverns
  65 yaks
  A steam dragon (D:7)
  2 chaos spawn (Lair:5)
  Grum (D:9)
  5 wargs
  An acid dragon (D:11)
  10 water moccasins
  15 orc warriors
  A black bear (Lair:2)
  An ice beast (D:6)
  6 ogres
  4 wolves (D:9)
  5 centaurs
  A phantom (D:5)
  3 lemures (D:9)
  12 bullfrogs
  2 kobold brigands (D:10)
  A necrophage (D:8)
  11 small abominations (Lair:5)
  A scorpion (D:5)
  A gnoll sergeant (D:8)
  14 wights
  12 killer bees
  3 howler monkeys (D:10)
  4 crimson imps (D:9)
  5 jellies
  A bombardier beetle (D:5)
  A gnoll bouda (D:7)
  22 orc priests
  3 iguanas
  Terence (D:3)
  8 hell rats
  18 orc wizards
  A hound skeleton (D:8)
  Robin (D:4)
  10 gnolls
  8 adders
  9 river rats
  A white imp (D:8)
  A dart slug (D:10)
  A ribbon worm (D:3)
  60 orcs
  8 endoplasms
  5 giant cockroaches
  13 goblins
  9 hobgoblins
  5 jackals
  10 quokkas
  4 ball pythons
  5 bats
  5 frilled lizards
  17 kobolds
  5 rats
581 creatures vanquished.

Vanquished Creatures (others)
  An orc wizard (Orc:1)
1 creature vanquished.

Grand Total: 582 creatures vanquished

Notes
Turn   | Place    | Note
-------+----------+-------------------------------------------
     0 | D:1      | CougarLife the Minotaur Berserker began the quest for the
                  | Orb.
     0 | D:1      | Reached XP level 1. HP: 19/19 MP: 0/0
    78 | D:1      | Reached XP level 2. HP: 26/26 MP: 1/1
   613 | D:1      | Reached ** piety under Trog
   614 | D:1      | Reached XP level 3. HP: 33/33 MP: 2/2
   615 | D:1      | Reached skill level 4 in Axes
  1371 | D:3      | Noticed Terence
  1382 | D:3      | Killed Terence
  1383 | D:3      | Reached XP level 4. HP: 13/40 MP: 3/3
  1629 | D:3      | Found Reuxt's Weapon Emporium.
  1729 | D:3      | Reached skill level 5 in Axes
  1802 | D:3      | Reached XP level 5. HP: 47/47 MP: 4/4
  1815 | D:3      | Found a white marble altar of Elyvilon.
  2123 | D:3      | Found a basalt altar of Yredelemnul.
  2239 | D:4      | Reached skill level 5 in Fighting
  2239 | D:4      | Reached skill level 6 in Axes
  2257 | D:4      | Noticed Robin
  2261 | D:4      | Killed Robin
  2262 | D:4      | Reached *** piety under Trog
  2427 | D:4      | You fall into a shaft and drop 3 floors!
  2427 | D:7      | Found Peuche's Antique Weapon Boutique.
  2429 | D:7      | Noticed Jeremiah
  2501 | D:6      | Noticed an ice beast
  2563 | D:5      | Entered Level 5 of the Dungeon
  2758 | D:4      | Identified the +0 ring mail of Duck's Teeth {rF+ rC+}
  3066 | D:5      | Found a staircase to the Ecumenical Temple.
  3079 | Temple   | Entered the Ecumenical Temple
  3088 | D:5      | Reached XP level 6. HP: 56/56 MP: 5/5
  3166 | D:5      | Reached skill level 7 in Axes
  3175 | D:5      | Found a runed translucent door.
  3175 | D:5      | Noticed mandarbmax's ghost (novice NaSu)
  3374 | D:5      | Reached XP level 7. HP: 63/63 MP: 6/6
  3662 | D:5      | Reached skill level 8 in Axes
  3774 | D:5      | Killed mandarbmax's ghost
  3775 | D:5      | Reached skill level 9 in Axes
  3775 | D:5      | Reached XP level 8. HP: 73/73 MP: 7/7
  4061 | D:6      | Found an ornate altar of the Wu Jian Council.
  4346 | D:6      | Reached skill level 10 in Axes
  4473 | D:7      | Reached **** piety under Trog
  4566 | D:7      | Killed Jeremiah
  4567 | D:7      | Reached skill level 11 in Axes
  4567 | D:7      | Noticed Joseph
  4581 | D:7      | Killed Joseph
  4582 | D:7      | Reached skill level 12 in Axes
  4582 | D:7      | Reached XP level 9. HP: 43/81 MP: 8/8
  4882 | D:7      | Found Bar Jenk's Weapon Shoppe.
  5257 | D:8      | Reached skill level 5 in Armour
  5352 | D:8      | Found a staircase to the Lair.
  5356 | D:8      | Noticed a two-headed ogre
  5357 | D:8      | Noticed a two-headed ogre
  5641 | D:7      | Killed a two-headed ogre
  5642 | D:7      | Reached skill level 5 in Dodging
  5642 | D:7      | Reached XP level 10. HP: 88/88 MP: 9/9
  5757 | D:8      | Identified the +1 helmet of the Black Moon {rElec Will+
                  | rCorr}
  6015 | D:8      | Found a burning altar of Makhleb.
  6036 | D:9      | Noticed Amaemon
  6036 | D:9      | Noticed an orange demon
  6061 | D:8      | Killed a two-headed ogre
  6221 | D:9      | Noticed a gargoyle
  6232 | D:9      | Noticed Grum
  6241 | D:9      | Reached skill level 1 in Throwing
  6247 | D:9      | Reached skill level 13 in Axes
  6251 | D:9      | Killed Grum
  6349 | D:9      | Killed a gargoyle
  6688 | D:9      | Reached ***** piety under Trog
  6691 | D:9      | Found a shimmering altar of Xom.
  6692 | D:9      | Noticed Pikel
  6703 | D:9      | Killed Pikel
  6704 | D:9      | Reached skill level 14 in Axes
  6704 | D:9      | Reached XP level 11. HP: 94/94 MP: 10/10
  6970 | D:9      | Killed Amaemon
  7166 | D:10     | Entered Level 10 of the Dungeon
  7222 | D:10     | Noticed Erica
  7237 | D:10     | Killed Erica
  7314 | D:10     | Reached skill level 15 in Axes
  7314 | D:10     | Reached skill level 5 in Throwing
  7430 | D:10     | Identified the +6 quarterstaff "Seclullu" {freeze, *Noise
                  | rElec Will+++ MP-9}
  7477 | D:10     | Found a snail-covered altar of Cheibriados.
  7559 | D:10     | Noticed Snorg
  7573 | D:10     | Killed Snorg
  7683 | D:10     | Noticed Erolcha
  7704 | D:10     | Killed Erolcha
  7820 | D:10     | Found Jawny's Book Shoppe.
  8259 | Lair:1   | Entered Level 1 of the Lair of Beasts
  8415 | Lair:1   | Reached skill level 16 in Axes
  8917 | Lair:1   | Reached XP level 12. HP: 101/101 MP: 11/11
  8950 | Lair:1   | Identified the +8 chain mail of Makhleb's Pride {rF+}
  9169 | Lair:2   | Found a staircase to the Snake Pit.
  9260 | Lair:2   | Found a staircase to the Swamp.
  9319 | Lair:2   | Identified the +3 quarterstaff "Yhymieff" {freeze, *Noise
                  | +Blink Int+3 SInv}
  9737 | Lair:3   | Reached skill level 10 in Throwing
  9862 | Lair:3   | Received a gift from Trog
 10166 | Lair:3   | Reached skill level 17 in Axes
 10361 | Lair:3   | Noticed an eight-headed hydra
 10369 | Lair:3   | Killed a five-headed hydra
 10423 | Lair:3   | Identified the +6 chain mail of Parsimonious Surprise
                  | {+Blink rF+ MP-9}
 10589 | Lair:3   | Reached skill level 10 in Fighting
 10591 | Lair:4   | Noticed a death yak
 10620 | Lair:4   | Noticed a death yak
 10634 | Lair:3   | Killed a death yak
 10636 | Lair:4   | Noticed a death yak
 10637 | Lair:4   | Noticed a death yak
 10644 | Lair:4   | Killed a death yak
 10651 | Lair:4   | Killed a death yak
 10652 | Lair:4   | Reached XP level 13. HP: 113/115 MP: 12/12
 10859 | Lair:4   | Reached skill level 18 in Axes
 11000 | Lair:4   | Found a runed translucent gate.
 11000 | Lair:4   | Noticed Lutiheq's ghost (journeyman DrSh)
 11001 | Lair:4   | Found a runed translucent gate.
 11002 | Lair:4   | Found a runed translucent gate.
 11074 | Lair:4   | Received a gift from Trog
 11298 | Lair:4   | Reached skill level 19 in Axes
 11820 | Lair:5   | Entered Level 5 of the Lair of Beasts
 12407 | Lair:5   | Reached skill level 20 in Axes
 12448 | Lair:5   | Reached XP level 14. HP: 120/129 MP: 13/13
 12475 | Lair:5   | Reached skill level 10 in Armour
 12647 | Lair:5   | Found a corrupted altar of Lugonu.
 12647 | Lair:5   | Found a one-way gate to the infinite horrors of the Abyss.
 12722 | Lair:5   | Identified the +8 sling of Isett {heavy, rCorr Stlth+}
 12828 | Lair:5   | Found a viscous altar of Jiyva.
 12833 | Lair:5   | Found a staircase to the Slime Pits.
 12835 | Lair:5   | Received a gift from Trog
 12924 | Lair:5   | Found a snail-covered altar of Cheibriados.
 13758 | D:11     | Found a staircase to the Orcish Mines.
 14145 | Orc:1    | Entered Level 1 of the Orcish Mines
 14418 | Orc:1    | Noticed an orc warlord
 14438 | Orc:1    | Killed an orc warlord
 14667 | Orc:2    | Entered Level 2 of the Orcish Mines
 14672 | Orc:2    | Reached ****** piety under Trog
 14674 | Orc:2    | Received a gift from Trog
 14743 | Orc:2    | Found a staircase to the Elven Halls.
 14782 | Orc:2    | Found Ciasuopt's Distillery.
 14807 | Orc:2    | Reached skill level 21 in Axes
 14814 | Orc:2    | Mangled by an orc knight

Illustrated notes

Levels and vault maps discovered:
D:1:      lemuel_arrival_funnel, layout_rooms, minmay_crystal_water
D:2:      layout_loops_ring
D:3:      layout_loops_cross, elyvilon_altar_4, lemuel_tele_altar, serial_shops,
          shop, lexackson_kobold_supper, uniq_terence
D:4:      layout_loops_ring, nicolae_the_louvre, uniq_robin
D:5:      layout_gridville, minmay_temple_entry_arrows, gammafunk_ghost_grave
D:6:      layout_gridville, nzn_wu_jian_council_hall, serial_glass,
          glass_columns_a, glass_columns_a, kennysheep_flooded_box,
          chequers_serial_rivers_small_a
D:7:      layout_loops_ring, serial_shops, nicolae_shop_stone, shop,
          minivault_25, minivault_26, dk_noncrumbling_4, uniq_joseph,
          uniq_jeremiah
D:8:      layout_rooms, makhleb_blood_cavern_becter, lair_entry_dummy,
          chequers_serial_rivers_room_a
D:9:      layout_rooms, led_xom_imps, uniq_amaemon, uniq_pikel, uniq_grum
D:10:     layout_irregular_city, kennysheep_slug_shrine, serial_shops,
          nicolae_shop_window_shopping, uniq_erica, uniq_erolcha, uniq_snorg
D:11:     kennysheep_six_static_rooms, layout_irregular_city, orc_0_dummy,
          kennysheep_generic_room_13
Temple:   nicolae_temple_superstar
Lair:1:   statuecave_lemuel, layout_chaotic_city, grunt_megastairs_3
Lair:2:   layout_gridlike, swamp_mist, dummy_snake_entry, serial_bayou_pond_c
Lair:3:   cheibrodos_lair_river_kwai, layout_gridlike, serial_bayou_shore_b
Lair:4:   layout_misc_corridors, special_room [special_room_mythical_zoo],
          gammafunk_ghost_split, nicolae_quartered_pool_medium,
          kennysheep_rathole, infiniplex_staircase_pool
Lair:5:   hellmonk_lair_end_abyssal_woods, layout_small_grid, slime_entry_2,
          kennysheep_snail_temple
Orc:1:    layout_caves, serial_shops, nicolae_shop_stone
Orc:2:    st_orc_elflike, layout_diamond_mine

Skill      XL: |  1  2  3  4  5  6  7  8  9 10 11 12 13 14 |
---------------+-------------------------------------------+-----
Armour         | 3 9 14 | 14.1
Dodging        | 3 5 8 |  8.2
Axes           | 4 5 6 7 9 12 14 16 17 20 21 | 21.1
Fighting       | 4 5 6 7 8 10 13 | 13.1
Throwing       | 3 7 10 | 10.2

Action                     |  1- 3 |  4- 6 |  7- 9 | 10-12 | 13-15 || total
---------------------------+-------+-------+-------+-------+-------++-------
  Melee: Hand axe          |    84 |    95 |       |     5 |    34 ||   218
         Headbutt          |    14 |    18 |    30 |   100 |    57 ||   219
         Punch             |     2 |     1 |     5 |       |       ||     8
         War axe           |       |    36 |   152 |     1 |       ||   189
         Battleaxe         |       |       |       |   455 |    40 ||   495
         Executioner's axe |       |       |       |       |   337 ||   337
 Invoke: Berserk           |       |       |     3 |     7 |     6 ||    16
         Trog's Hand       |       |       |     1 |     4 |     3 ||     8
  Evoke: Wand              |       |       |       |     4 |       ||     4
    Use: Scroll            |       |       |     1 |    13 |     9 ||    23
 Armour: Animal skin       |    40 |       |       |       |       ||    40
         Chain mail        |       |    78 |       |       |       ||    78
         Ring mail         |       |    12 |    95 |   146 |       ||   253
         Plate armour      |       |       |       |   369 |   495 ||   864
         Skin              |       |       |       |     3 |       ||     3
  Dodge: Dodged            |    54 |    71 |    68 |   300 |   206 ||   699
